 Dungeon Crawl Stone Soup version bcrawl-1.19.2-6-g6a88ae04c9 (webtiles) character file.

Game seed: 1400547365566888712

13957 Mrkan the Cleaver (level 11, -10/100 HPs)
             Began as a Minotaur Fighter on Dec 30, 2019.
             Was a High Priest of Qazlal.
             Killed from afar by Harold (32 damage)
             ... with a bolt of fire
             ... on level 10 of the Dungeon.
             The game lasted 00:13:37 (9562 turns).

Mrkan the Cleaver (Minotaur Fighter)                Turns: 9562, Time: 00:13:38

Health: -10/100    AC: 20    Str: 22    XL:     11   Next: 82%
Magic:  15/15      EV:  6    Int:  5    God:    Qazlal [*****.]
Gold:   603        SH: 18    Dex: 12    Spells: 10/10 levels left

rFire    . . .     SeeInvis .   z - +0 broad axe
rCold    . . .     Gourm    .   c - +0 shield
rNeg     . . .     Faith    .   E - +0 plate armour
rPois    .         Spirit   .   (helmet restricted)
rElec    .         Reflect  .   q - +1 cloak
rCorr    .         Harm     .   (no gloves)
MR       +....                  (no boots)
Stlth    ..........             (no amulet)
HPRegen  0.26/turn              m - ring of protection from magic
MPRegen  0.14/turn              (no ring)

@: lethally poisoned (-10 -> -11), protected from physical damage, repel
missiles
A: retaliatory headbutt, horns 2
a: Upheaval, Elemental Force, Disaster Area, Renounce Religion


You were on level 10 of the Dungeon.
You worshipped Qazlal.
Qazlal was extremely pleased with you.
You were near starving.

You visited 1 branch of the dungeon, and saw 10 of its levels.

You collected 603 gold pieces.

Inventory:

Hand Weapons
 a - a +1 war axe
 r - a +1 antimagic battleaxe
 z - a +0 broad axe (weapon)
Missiles
 D - a throwing net (quivered) {!f}
Armour
 c - a +0 shield (worn)
 q - a +1 cloak (worn)
 t - the cursed +0 leather armour of the Wary Friends {rPois Str+2 Slay+2}
   (You took it off an orc on level 8 of the Dungeon)

   It affects your strength (+2).
   It affects your accuracy and damage with ranged weapons and melee attacks
   (+2).
   It protects you from poison.
   It has a curse placed upon it.
 E - a +0 plate armour (worn)
Jewellery
 m - a ring of protection from magic (left hand)
 G - an uncursed ring of see invisible {unknown}
 I - an uncursed ring of ice {unknown}
Wands
 l - a wand of acid (8)
 A - a wand of flame (23)
Scrolls
 e - a scroll of immolation
 g - a scroll of magic mapping
 h - 3 scrolls of remove curse
 i - 3 scrolls of enchant armour
 p - 2 scrolls of teleportation
 y - 2 scrolls of blinking
 C - 3 scrolls of identify
 H - a scroll of amnesia
 K - a scroll of fog
Potions
 b - a potion of cancellation
 d - 3 potions of might
 j - 2 potions of heal wounds
 k - a potion of agility {unknown}
 n - a potion of haste {unknown}
 o - a potion of flight {unknown}
 s - 3 potions of degeneration
 u - a potion of magic
 v - a potion of mutation
 w - 3 potions of berserk rage
 x - 5 potions of lignification
 B - a potion of brilliance
 F - 2 potions of curing
Comestibles
 f - 17 rations {!d}
 J - 4 chunks of flesh


   Skills:
 + Level 10.2 Fighting
 * Level 13.3 Axes
 + Level 10.2 Armour
 + Level 10.1 Shields
 + Level 7.2 Invocations


You had 10 spell levels left.
You didn't know any spells.
Your spell library contained the following spells:

 Spells                   Type           Power        Failure   Level  Hunger
 Confuse                  Hex            #.......     100%        3    ####...
 Dazzling Spray           Conj/Hex       #.....       100%        3    ####...
 Petrify                  Tmut/Erth      #.......     100%        4    #####..
 Yara's Violent Unravell  Hex/Tmut       #.........   100%        4    #####..
 Metabolic Englaciation   Hex/Ice        #.........   100%        5    ######.
 Mana Rupture             Conj/Hex       #.........   100%        7    #######


Dungeon Overview and Level Annotations

Branches:
Dungeon (10/12)            Temple (0/1) D:7            Lair (0/6) D:8
    Orc (0/1) D:9

Altars:
Ashenzari
Cheibriados
Elyvilon
Kikubaaqudgha
Lugonu
Makhleb
Nemelex Xobeh
Qazlal
Trog
Uskayaw
Xom
Yredelemnul
The Shining One

Shops:
D:9 [

Annotations:
D:10 Harold


Innate Abilities, Weirdness & Mutations

You reflexively headbutt those who attack you in melee.
You have a pair of horns on your head.


Message History

You hit Harold but do no damage.
Harold is moderately wounded.
You feel sick.
You hear a bellow! x4
You block Harold's attack.
You slash Harold!
Harold is heavily wounded.
You block Harold's attack.
You hit Harold. You headbutt Harold.
Harold is heavily wounded.
You feel sick. You block Harold's attack. Harold blocks your attack.
Harold is heavily wounded.
You block Harold's attack. Harold blocks your attack.
Harold is heavily wounded.
You feel sick. Harold gestures at you while chanting.
The bolt of fire hits you!
You die...

.............
........... .........
....... ..... #.§.#
#.@.# #.@°#
#°°☼#######
######.☼........
........!....^..
#######((####### #%.#
#..#
######..#############
.....................


You could see Harold.

Vanquished Creatures
  A centaur warrior (D:9)
  Pikel (D:4)
  A cyclops (D:10)
  2 ugly things
  2 trolls
  A hippogriff (D:7)
  Sigmund (D:2)
  A shadow (D:9)
  Eustachio (D:4)
  2 wyverns
  Grum (D:8)
  22 yaks
  A hungry ghost (D:10)
  A steam dragon (D:7)
  2 wargs (D:8)
  8 ice beasts
  2 black bears
  8 orc warriors
  3 sky beasts
  A necrophage (D:5)
  2 phantoms
  2 centaurs
  4 ogres
  4 wolves (D:8)
  Blork the orc (D:5)
  5 bullfrogs
  A wyvern zombie (D:9)
  4 scorpions
  A water moccasin skeleton (D:6)
  15 killer bees
  8 wights
  3 crimson imps
  A bullfrog zombie (D:6)
  3 centaur zombies
  A jelly (D:10)
  7 orc wizards
  3 hounds
  8 orc priests
  2 centaur skeletons
  An iguana (D:8)
  3 worker ants
  A hound zombie (D:6)
  A hound skeleton (D:5)
  Robin (D:2)
  4 gnolls
  A howler monkey skeleton (D:7)
  An adder (D:9)
  3 shadow imps
  An ooze (D:3)
  An adder skeleton (D:8)
  An adder zombie (D:6)
  A worm (D:4)
  A dart slug (D:3)
  3 leopard geckos
  40 orcs
  A ball python (D:3)
  7 bats
  6 giant cockroaches
  14 goblins
  12 hobgoblins
  10 jackals
  A quokka (D:8)
  6 frilled lizards
  7 kobolds
  A leopard gecko skeleton (D:4)
  6 rats
272 creatures vanquished.

Vanquished Creatures (others)
  A quokka (D:4)
1 creature vanquished.

Grand Total: 273 creatures vanquished

Notes
Turn   | Place    | Note
-------+----------+-------------------------------------------
     0 | D:1      | Mrkan the Minotaur Fighter began the quest for the Orb.
     0 | D:1      | Reached XP level 1. HP: 19/19 MP: 0/0
    77 | D:1      | Reached XP level 2. HP: 27/27 MP: 1/1
   147 | D:1      | Reached skill level 3 in Axes
   214 | D:1      | Reached XP level 3. HP: 32/33 MP: 2/2
   708 | D:2      | Noticed Sigmund
   715 | D:2      | Killed Sigmund
   715 | D:2      | Reached skill level 4 in Axes
   715 | D:2      | Reached XP level 4. HP: 35/41 MP: 3/3
   715 | D:2      | Reached XP level 5. HP: 41/47 MP: 4/4
   796 | D:2      | Reached skill level 5 in Axes
   997 | D:2      | Reached XP level 6. HP: 55/55 MP: 5/5
  1061 | D:2      | Reached skill level 5 in Fighting
  1063 | D:2      | Found a stormy altar of Qazlal.
  1081 | D:2      | Became a worshipper of Qazlal Stormbringer
  1205 | D:2      | Noticed Robin
  1238 | D:2      | Killed Robin
  1238 | D:2      | Reached skill level 5 in Armour
  1346 | D:2      | Found a hide-covered altar of Uskayaw.
  1559 | D:3      | Reached skill level 5 in Shields
  1700 | D:3      | Reached * piety under Qazlal
  2122 | D:4      | Found a basalt altar of Yredelemnul.
  2159 | D:4      | Noticed a sky beast
  2332 | D:4      | Found a white marble altar of Elyvilon.
  2385 | D:4      | Killed a sky beast
  2385 | D:4      | Reached skill level 6 in Axes
  2385 | D:4      | Reached skill level 1 in Invocations
  2385 | D:4      | Reached XP level 7. HP: 61/61 MP: 6/6
  2620 | D:4      | Noticed Pikel
  2622 | D:4      | Noticed Eustachio
  2637 | D:4      | Killed Pikel
  2637 | D:4      | Reached skill level 7 in Axes
  2637 | D:4      | Reached XP level 8. HP: 68/70 MP: 6/8
  2656 | D:4      | Killed Eustachio
  2852 | D:5      | Entered Level 5 of the Dungeon
  3071 | D:5      | Reached skill level 8 in Axes
  3379 | D:5      | Reached ** piety under Qazlal
  3719 | D:5      | Noticed Blork the orc
  3731 | D:5      | Killed Blork the orc
  4063 | D:6      | Noticed a red ugly thing
  4072 | D:6      | Killed a red ugly thing
  4072 | D:6      | Reached skill level 9 in Axes
  4072 | D:6      | Reached XP level 9. HP: 19/78 MP: 4/10
  4413 | D:6      | Found a shimmering altar of Xom.
  4413 | D:6      | Found a shimmering altar of Xom.
  4427 | D:6      | Found a shimmering altar of Xom.
  4428 | D:6      | Found a shimmering altar of Xom.
  4428 | D:6      | Found a shimmering altar of Xom.
  5033 | D:6      | Found a glowing golden altar of the Shining One.
  5039 | D:6      | Reached skill level 10 in Axes
  5238 | D:7      | Found a snail-covered altar of Cheibriados.
  5530 | D:7      | Reached *** piety under Qazlal
  5539 | D:7      | Reached skill level 5 in Invocations
  5539 | D:7      | Reached XP level 10. HP: 41/87 MP: 12/12
  5855 | D:7      | Found an ancient bone altar of Kikubaaqudgha.
  5924 | D:7      | Found a faded altar of an unknown god.
  5925 | D:7      | Found a staircase to the Ecumenical Temple.
  6189 | D:8      | Noticed Grum
  6417 | D:7      | Identified a scroll of acquirement
  6435 | D:8      | Killed Grum
  6435 | D:8      | Reached skill level 11 in Axes
  6712 | D:8      | Found a staircase to the Lair.
  6889 | D:8      | Identified the cursed +0 leather armour of the Wary Friends
                  | {rPois Str+2 Slay+2}
  7155 | D:8      | Reached **** piety under Qazlal
  7507 | D:8      | Found a shattered altar of Ashenzari.
  7512 | D:8      | Found a corrupted altar of Lugonu.
  7512 | D:8      | Found a burning altar of Makhleb.
  7513 | D:8      | Found a sparkling altar of Nemelex Xobeh.
  7515 | D:8      | Found a bloodstained altar of Trog.
  7717 | D:9      | Reached skill level 12 in Axes
  7723 | D:9      | Reached XP level 11. HP: 40/96 MP: 11/14
  7742 | D:9      | Noticed a centaur warrior
  8106 | D:9      | Killed a centaur warrior
  8631 | D:9      | Found a staircase to the Orcish Mines.
  8631 | D:9      | Found Yfroup's Armour Shop.
  9456 | D:10     | Entered Level 10 of the Dungeon
  9472 | D:10     | Reached skill level 13 in Axes
  9475 | D:10     | Reached skill level 10 in Armour
  9505 | D:10     | Noticed a white ugly thing
  9510 | D:10     | Noticed a cyclops
  9516 | D:10     | Killed a white ugly thing
  9516 | D:10     | Reached skill level 10 in Fighting
  9516 | D:10     | Reached skill level 10 in Shields
  9527 | D:10     | Reached ***** piety under Qazlal
  9535 | D:10     | Killed a cyclops
  9536 | D:10     | Noticed Harold
  9562 | D:10     | Killed from afar by Harold

Skill      XL: |  1  2  3  4  5  6  7  8  9 10 11 |
---------------+----------------------------------+-----
Axes           | 3 4 5 6 7 9 10 12 13 | 13.3
Armour         | 4 5 6 7 8 9 10 | 10.2
Fighting       | 4 5 6 7 8 9 10 | 10.2
Shields        | 4 5 7 8 9 10 | 10.1
Invocations    | 1 2 3 5 6 7 |  7.2

Action                   |  1- 3 |  4- 6 |  7- 9 | 10-12 || total
-------------------------+-------+-------+-------+-------++-------
Melee: War axe           |    76 |   141 |   236 |    65 ||   518
       Headbutt          |     8 |    17 |    51 |   103 ||   179
       Broad axe         |       |       |       |   309 ||   309
Invok: Upheaval          |       |       |     1 |     1 ||     2
  Use: Scroll            |       |     1 |       |    20 ||    21
       Potion            |       |       |       |     2 ||     2
  Eat: Chunk             |       |     5 |    10 |    10 ||    25
       Ration            |       |       |       |     1 ||     1
Armor: Scale mail        |    55 |    11 |       |       ||    66
       Chain mail        |       |    38 |    87 |     5 ||   130
       Plate armour      |       |       |       |   156 ||   156
Dodge: Dodged            |    44 |    30 |    47 |    62 ||   183
       Deflected         |       |       |       |     3 ||     3
Block: Shield            |    61 |    80 |   147 |   423 ||   711
